 Dungeon Crawl Stone Soup version 0.29.1-15-g9cfb28693d (webtiles) character file.

Game seed: 13247237076127552313

7 protoss039 the Digger (level 1, 0/14 HPs)
             Began as a Demonspawn Earth Elementalist on Mar 13, 2023.
             Slain by a jackal (1 damage)
             ... on level 1 of the Dungeon.
             The game lasted 00:00:48 (588 turns).

protoss039 the Digger (DsEE)                         Turns: 588, Time: 00:00:49

Health: 0/14       AC:  3    Str:  8    XL:     1   Next: 91%
Magic:  0/3        EV: 11    Int: 16    God:
Gold:   9          SH:  0    Dex: 13    Spells: 3/4 levels left

rFire   . . .      SeeInvis .   (no weapon)
rCold   . . .      Faith    .   (no shield)
rNeg    . . .      Spirit   .   c - +0 leather armour
rPois   .          Reflect  .   (no helmet)
rElec   .          Harm     .   (no cloak)
rCorr   .          Rampage  .   (no gloves)
Will    .....                   (no boots)
Stlth   ++........              (no amulet)
HPRegen 0.04/turn               (no ring)
MPRegen 0.08/turn               (no ring)

@: no status effects
A: no striking features
a: no special abilities


You were on level 1 of the Dungeon.
You visited 1 branch of the dungeon, and saw 1 of its levels.

You collected 9 gold pieces.

Inventory:

Armour
 c - a +0 leather armour (worn)
Potions
 a - a potion of curing {unknown}
 b - a potion of magic


   Skills:
 + Level 0.5 Fighting
 * Level 0.5 Armour
 - Level 1.7 Dodging
 - Level 1.7 Stealth
 + Level 2.1 Spellcasting
 - Level 0.8 Transmutations
 + Level 2.8 Earth Magic


You had 3 spell levels left.
You knew the following spells:

 Your Spells              Type           Power      Damage    Failure   Level
a - Sandblast             Erth           20%        2d7       9%          1

Your spell library contained the following spells:

 Spells                   Type           Power      Damage    Failure   Level
 Passwall                 Tmut/Erth      5%         N/A       21%         2
 Stone Arrow              Conj/Erth      12%        3d7       43%         3
 Petrify                  Tmut/Erth      7%         N/A       80%         4


Dungeon Overview and Level Annotations

Branches:
Dungeon (1/15) Zot: 5402

Altars:


Message History

The jackal barely misses you.
You closely miss the jackal.
The jackal is heavily wounded.
The jackal closely misses you. The jackal barely misses you.
You closely miss the jackal.
The jackal is heavily wounded.
The jackal bites you.
* * * LOW HITPOINT WARNING * * *
You hit the jackal but do no damage.
The jackal is heavily wounded.
The jackal closely misses you.
You closely miss the jackal.
The jackal is heavily wounded.
The jackal bites you but does no damage.
The jackal barely misses you.
You hit the jackal but do no damage.
The jackal is heavily wounded.
The jackal bites you but does no damage.
You hit the jackal but do no damage. Your punch misses the jackal.
The jackal is heavily wounded.
The jackal barely misses you. The jackal closely misses you.
You completely miss the jackal.
The jackal is heavily wounded.
The jackal closely misses you.
You hit the jackal but do no damage.
The jackal is heavily wounded.
The jackal barely misses you.
You closely miss the jackal.
The jackal is heavily wounded.
The jackal barely misses you. The jackal bites you.
* * * LOW HITPOINT WARNING * * *
You hit the jackal but do no damage. The jackal barely misses you.
Casting: Sandblast (safe; 9% risk of failure)
Confirm with . or Enter, or press ? or * to list all spells.
Aiming: Sandblast (safe; 9% risk of failure)
Press: ? - help, Shift-Dir - straight line, f/p - jackal
Aim: a jackal (77% to hit)
The blast of sand hits the jackal but does no damage.
The jackal bites you.
You die...

#.....#......#.#
......#........#..
..##########...#..
..#...#....#...#..
..#...'....#...#.# ##
..#...#....#...#.# .
'##'###....#...#h# #.
..#..###'#####'#h# #.###
..#..'<#...#...#@# ...####
..######...#...#.# ########.....
.....'.....#...#.# #............
.....#...#.#...#.## #.'########+.
.....#.....#...#..# #.#........#.
############...##.###.#.+####+.#.
#.........##..##.#.#....#.#.
#.........###.##.#.#.##.#.#.
#.........# #.##.#.#.##.#.#.


You could see 2 jackals.

Vanquished Creatures
  2 bats (D:1)
  A hobgoblin (D:1)
  2 jackals (D:1)
  A frilled lizard (D:1)
  A rat (D:1)
7 creatures vanquished.

Notes
Turn   | Place    | Note
-------+----------+-------------------------------------------
     0 | D:1      | protoss039 the Demonspawn Earth Elementalist began the
                  | quest for the Orb.
     0 | D:1      | Reached XP level 1. HP: 13/13 MP: 3/3
   588 | D:1      | Slain by a jackal

Illustrated notes

Levels and vault maps discovered:
D:1:      minmay_arrival_widening_spiral_wide, layout_basic, serial_rivers,
          chequers_serial_rivers_room_a, chequers_serial_rivers_large_a,
          chequers_serial_rivers_small_a, chequers_serial_rivers_room_b,
          serial_shops, shop, minivault_11, minmay_misc_feat_alley

Action                   || total
-------------------------++-------
Melee: Unarmed           ||    44
 Cast: Sandblast         ||    18
Armor: Leather armour    ||    34
Dodge: Dodged            ||    57
